 Dungeon Crawl Stone Soup version 0.19.0-2-gae57169 (webtiles) character file.

2075 Neder the Cleaver (level 9, -7/94 HPs)
             Began as a Demonspawn Fighter on Nov 1, 2016.
             Killed by divine providence
             ... invoked by an orc priest
              (12 damage)
             ... on level 8 of the Dungeon on Nov 4, 2016.
             The game lasted 00:24:47 (7515 turns).

Neder the Cleaver (Demonspawn Fighter)              Turns: 7515, Time: 00:24:47

Health: -7/94      AC: 15    Str: 24    XL:     9   Next: 6%
Magic:  9/9        EV: 11    Int:  9    God:
Gold:   512        SH:  0    Dex: 14    Spells: 0 memorised, 8 levels left

rFire  . . .     SeeInvis .     a - +0 war axe
rCold  . . .     Gourm    .     G - +0 chain mail
rNeg   . . .     Faith    .     (no shield)
rPois  .         Spirit   .     (helmet restricted)
rElec  .         Reflect  .     u - +0 cloak
rCorr  .         Harm     .     r - +0 pair of gloves
MR     .....                    (no boots)
Stlth  ..........               (no amulet)
                                (no ring)
                                o - +3 ring of evasion

@: berserking (expiring), very quick
A: antennae 2, iridescent scales 2, demonic guardian 1
a: no special abilities


You were on level 8 of the Dungeon.
You were hungry.

You visited 1 branch of the dungeon, and saw 8 of its levels.

You collected 512 gold pieces.

Inventory:

Hand Weapons
 a - a +0 war axe (weapon)
Armour
 r - a +0 pair of gloves (worn)
 u - a +0 cloak (worn)
 G - a +0 chain mail (worn)
Jewellery
 o - a +3 ring of evasion (left hand)
Wands
 t - a wand of enslavement (9/24)
 y - a wand of confusion (27/48)
 z - a wand of paralysis (2/24)
 B - a wand of digging (12/24)
Scrolls
 g - a scroll of enchant armour {unknown}
 h - a scroll of enchant weapon {unknown}
 i - 2 scrolls of remove curse {unknown}
 k - 2 scrolls of magic mapping {unknown}
 m - 2 scrolls of teleportation {unknown}
 p - 2 scrolls of recharging {unknown}
 q - 7 scrolls of identify {unknown}
 s - a scroll of amnesia {unknown}
 w - a scroll of blinking {unknown}
 A - 3 scrolls of fear {unknown}
Potions
 j - a potion of berserk rage
 l - 2 potions of magic {unknown}
 n - 4 potions of haste {unknown}
 x - a potion of ambrosia {unknown}
 C - a potion of invisibility {unknown}
 F - 2 potions of lignification {unknown}
Books
 b - a book of Clouds

   Spells                             Type                      Level
   a - Mephitic Cloud                 Conjuration/Poison/Air       3
   b - Conjure Flame                  Conjuration/Fire             3
   c - Poisonous Cloud                Conjuration/Poison/Air       6
   d - Freezing Cloud                 Conjuration/Ice/Air          6
   e - Ring of Flames                 Charms/Fire                  7
 c - a book of Minor Magic

   Spells                             Type                      Level
   a - Magic Dart                     Conjuration                  1
   b - Blink                          Translocation                2
   c - Call Imp                       Summoning                    2
   d - Repel Missiles                 Charms/Air                   2
   e - Slow                           Hexes                        2
   f - Conjure Flame                  Conjuration/Fire             3
   g - Mephitic Cloud                 Conjuration/Poison/Air       3
 v - a book of Minor Magic

   Spells                             Type                      Level
   a - Magic Dart                     Conjuration                  1
   b - Blink                          Translocation                2
   c - Call Imp                       Summoning                    2
   d - Repel Missiles                 Charms/Air                   2
   e - Slow                           Hexes                        2
   f - Conjure Flame                  Conjuration/Fire             3
   g - Mephitic Cloud                 Conjuration/Poison/Air       3
Comestibles
 f - 2 bread rations
 E - a fruit


   Skills:
 - Level 3.0 Fighting
 + Level 10.9 Axes
 - Level 2.6 Armour
   Level 2.6 Shields


You had 8 spell levels left.
You didn't know any spells.

Dungeon Overview and Level Annotations

Branches:
Dungeon (8/15)             Temple (0/1) D:7
   Lair: D:8-11

Altars:

Shops:
D:5 [[=

Annotations:
D:7 Prince Ribbit


Innate Abilities, Weirdness & Mutations

You have a pair of antennae on your head.
You are mostly covered in iridescent scales. (AC +4)
A weak demonic guardian rushes to your aid.


Message History

You have reached level 9!
Your experience leads to an increase in your attributes!
Your base attributes are Str 18, Int 9, Dex 14.
Increase (S)trength, (I)ntelligence, or (D)exterity?
You feel stronger.
Your demonic ancestry asserts itself...
The antennae on your head grow some more.
You slash something! You slice something!!
Reactivating autopickup.
You feel a bit more experienced.
You closely miss the orc. The orc barely misses you.
Your chain mail prevents you from hitting the orc.
You slice the orc!!
You kill the orc!
You slash the orc!
You kill the orc!
You hit the worker ant but do no damage.
The orc priest calls down the wrath of Beogh upon you.
Beogh smites you!
You die...

###
..#####
#.#...
###.#..
..$..
.o. #a#
#@# {
#5# ..#
.### #.
#


You could see a worker ant, an orc priest and a friendly iron imp.

Vanquished Creatures
  Sigmund (D:3)
  An orc warrior (D:8)
  A black bear (D:7)
  A phantom (D:4)
  2 ogres
  A centaur (D:6)
  2 bullfrogs
  A jelly (D:7)
  2 howler monkeys
  2 centaur zombies
  A bullfrog zombie (D:6)
  3 orc priests
  A bullfrog skeleton (D:6)
  A gnoll shaman (D:7)
  5 hounds
  3 orc wizards
  2 iguanas
  Natasha (thrice) (D:3)
  3 worker ants
  A killer bee zombie (D:5)
  2 hound skeletons
  A howler monkey zombie (D:7)
  Robin (D:3)
  A howler monkey skeleton (D:4)
  7 adders
  3 gnolls (D:7)
  A shadow imp (D:5)
  An adder zombie (D:4)
  2 oozes
  2 adder skeletons
  3 worms (D:4)
  2 dart slugs
  4 leopard geckos
  12 orcs
  A ball python (D:5)
  A giant cockroach (D:1)
  12 goblins
  7 hobgoblins
  12 jackals
  10 kobolds
  11 bats
  6 frilled lizards
  A quokka skeleton (D:6)
  6 rats
146 creatures vanquished.

Vanquished Creatures (collateral kills)
  Purgy (D:3)
  2 centaurs
  3 killer bees (D:6)
  An orc wizard (D:7)
  Ijyb (D:3)
  2 orcs
10 creatures vanquished.

Grand Total: 156 creatures vanquished

Notes
Turn   | Place    | Note
-------+----------+-------------------------------------------
     0 | D:1      | Neder the Demonspawn Fighter began the quest for the Orb.
     0 | D:1      | Reached XP level 1. HP: 18/18 MP: 1/1
    32 | D:1      | Reached skill level 2 in Axes
   150 | D:1      | Gained mutation: You are partially covered in iridescent scales. (AC +2) [demonic ancestry]
   150 | D:1      | Reached XP level 2. HP: 24/24 MP: 2/2
   264 | D:1      | Reached skill level 3 in Axes
   355 | D:1      | Gained mutation: A weak demonic guardian rushes to your aid. [demonic ancestry]
   355 | D:1      | Reached XP level 3. HP: 24/29 MP: 3/3
   737 | D:2      | Found a faded altar of an unknown god.
  1121 | D:3      | Noticed Natasha
  1127 | D:3      | Killed Natasha
  1127 | D:3      | Reached skill level 4 in Axes
  1127 | D:3      | Reached XP level 4. HP: 35/35 MP: 4/4
  1168 | D:3      | Noticed Purgy
  1185 | D:3      | Noticed Sigmund
  1216 | D:3      | Killed Sigmund
  1216 | D:3      | Reached skill level 5 in Axes
  1216 | D:3      | Reached XP level 5. HP: 17/41 MP: 5/5
  1221 | D:3      | Killed Purgy
  1221 | D:3      | Reached XP level 6. HP: 15/47 MP: 6/6
  1514 | D:3      | Noticed Robin
  1517 | D:3      | Reached skill level 6 in Axes
  1542 | D:3      | Noticed Natasha
  1547 | D:3      | Killed Robin
  1550 | D:3      | Killed Natasha
  1701 | D:3      | Noticed Ijyb
  1722 | D:3      | Killed Ijyb
  2119 | D:3      | Noticed Natasha
  2145 | D:3      | Killed Natasha
  2444 | D:4      | Reached skill level 7 in Axes
  2444 | D:4      | Gained mutation: You have a pair of small antennae on your head. [demonic ancestry]
  2444 | D:4      | Reached XP level 7. HP: 43/52 MP: 7/7
  3221 | D:4      | Reached skill level 8 in Axes
  3689 | D:5      | Entered Level 5 of the Dungeon
  3978 | D:5      | Found Pontamue's Armour Emporium.
  4099 | D:5      | Found Zifeb's Jewellery Emporium.
  4280 | D:5      | Found Donu's Antique Armour Emporium.
  4508 | D:5      | Gained mutation: You are mostly covered in iridescent scales. (AC +4) [demonic ancestry]
  4508 | D:5      | Reached XP level 8. HP: 58/58 MP: 8/8
  4669 | D:6      | Reached skill level 9 in Axes
  4783 | D:6      | Noticed a four-headed hydra
  5409 | D:5      | Upgraded the game from 0.19-b1-5-gdc9fa9d to 0.19.0-2-gae57169
  6205 | D:7      | Reached skill level 10 in Axes
  6858 | D:7      | Noticed Prince Ribbit
  6995 | D:7      | Found a staircase to the Ecumenical Temple.
  7502 | D:8      | HP: 2/87 [orc warrior/hand axe (8)]
  7508 | D:8      | Gained mutation: You have a pair of antennae on your head. [demonic ancestry]
  7508 | D:8      | Reached XP level 9. HP: 3/63 MP: 9/9
  7515 | D:8      | Killed from afar by an orc priest

Skill      XL: |  1  2  3  4  5  6  7  8 |
---------------+-------------------------+-----
Axes           | 2 3 4 5 7 8 10 | 10.9
Fighting       | |  3.0
Armour         | |  2.6
Shields        | |  2.6

Action                   |  1- 3 |  4- 6 |  7- 9 || total
-------------------------+-------+-------+-------++-------
Melee: War axe           |   108 |   138 |   400 ||   646
Evoke: Wand              |       |       |     5 ||     5
  Use: Potion            |       |     4 |     3 ||     7
 Stab: Distracted        |       |     1 |     1 ||     2
  Eat: Bread ration      |       |     1 |       ||     1
       Fruit             |       |       |     4 ||     4
       Pizza             |       |       |     2 ||     2
       Chunk             |       |       |     4 ||     4
       Meat ration       |       |       |     1 ||     1
       Beef jerky        |       |       |     1 ||     1
Armor: Scale mail        |    70 |    92 |   174 ||   336
       Chain mail        |       |       |    36 ||    36
Dodge: Dodged            |    33 |    71 |   245 ||   349
Block: Shield            |    69 |    47 |       ||   116
